 Dungeon Crawl Stone Soup version 0.29.0-7-g18a832c13a (webtiles) character file.

Game seed: 10206931905548684938

143 HoaS the Shooter (level 5, -1/30 HPs)
             Began as a Gargoyle Hunter on Sept 1, 2022.
             Killed from afar by Blork the orc (3 damage)
             ... with a puff of frost
             ... on level 4 of the Dungeon.
             The game lasted 00:06:41 (2170 turns).

HoaS the Shooter (Gargoyle Hunter)                  Turns: 2170, Time: 00:06:42

Health: -1/30      AC:  8    Str: 14    XL:     5   Next: 25%
Magic:  5/5        EV: 11    Int: 10    God:
Gold:   122        SH:  0    Dex: 15    Spells: 4/4 levels left

rFire   . . .      SeeInvis .   a - +0 shortbow (vorpal)
rCold   . . .      Faith    .   (shield currently unavailable)
rNeg    + . .      Spirit   .   c - +0 leather armour
rPois   ∞          Reflect  .   (no helmet)
rElec   +          Harm     .   g - +0 cloak
rCorr   .          Rampage  .   (no gloves)
Will    .....                   (no boots)
Stlth   ++........              (no amulet)
HPRegen 0.10/turn               (no ring)
MPRegen 0.09/turn               (no ring)

@: weak-willed
A: sickness immunity, AC +4, negative energy resistance 1, electricity
resistance, torment resistance 1, petrification resistance
a: no special abilities


You were on level 4 of the Dungeon.
You visited 1 branch of the dungeon, and saw 4 of its levels.

You collected 122 gold pieces.

Inventory:

Hand Weapons
 a - a +0 vorpal shortbow (weapon)
Armour
 c - a +0 leather armour (worn)
 d - the +3 scale mail of Dogmatism {rElec rF+++ Int-2 Stlth-}
   (You found it on level 3 of the Dungeon)

   Int:       It affects your intelligence (-2).
   rF:        It renders you almost immune to fire.
   rElec:     It insulates you from electricity.
   Stlth:     It makes you less stealthy.
 g - a +0 cloak (worn)
Scrolls
 b - 2 scrolls of immolation
 f - a scroll of brand weapon
 k - 2 scrolls of identify
Potions
 e - 2 potions of invisibility
 i - 2 potions of attraction
 j - a potion of flight


   Skills:
 - Level 2.1 Fighting
 + Level 6.4 Ranged Weapons
 - Level 1.5 Dodging
 - Level 1.1 Stealth


You had 4 spell levels left.
You didn't know any spells.
Your spell library was empty.

Dungeon Overview and Level Annotations

Branches:
Dungeon (4/15)
 Temple: D:4-7

Altars:
Qazlal
Vehumet

Annotations:
D:4 Blork the orc


Innate Abilities, Weirdness & Mutations

You are immune to sickness and miasma.
Your stone body is resilient. (AC +4)
You are immune to poison.
You resist negative energy. (rN+)
You are resistant to electric shocks. (rElec)
You are resistant to unholy torment.
You are immune to petrification.


Message History

You see here a +0 scale mail.
h - a scroll labelled MOSSOH EDWIH
Okay, then.
As you read the scroll labelled MOSSOH EDWIH, it crumbles to dust.
You hear a loud clanging noise!
It was a scroll of noise.
You hear a shout! x2; You hear an angry hiss. x2; You hear a shout!
As you read the scroll labelled TUREENE MILOFE, it crumbles to dust.
Magic quickly surges around you.
It was a scroll of vulnerability.
You start waiting.
An orc wizard is nearby!
Something hits the fungus.
The fungus begins to die.
There is a stone staircase leading down here.
Blork the orc shouts!
You shoot an arrow. The arrow hits Blork the orc!
Blork the orc is moderately wounded.
Blork the orc drinks a potion.
Blork the orc seems to grow stronger.
You shoot an arrow. The arrow hits Blork the orc!
Blork the orc is heavily wounded.
Blork the orc closely misses you.
You shoot an arrow. The arrow barely misses Blork the orc.
Blork the orc points at you and mumbles some strange words.
The magic dart hits you.
You shoot an arrow. The arrow hits Blork the orc.
Blork the orc is severely wounded.
Blork the orc hits you from afar with a +0 glaive. x2
You shoot an arrow. The arrow barely misses Blork the orc.
Blork the orc hits you from afar with a +0 glaive!!
Ouch! That really hurt!
* * * LOW HITPOINT WARNING * * *
You are too injured to fight recklessly!
You are too injured to fight recklessly!
You are too injured to fight recklessly!
You are too injured to fight recklessly!
You are too injured to fight recklessly!
There is a stone staircase leading down here.
The orc wizard hits you but does no damage.
Blork the orc points at you and mumbles some strange words.
The puff of frost hits you.
You die...

#.............#
#....#######
#.........##### ###.####
#.............# ##...#
#.............###..###
#.............##..##
#..............#.##
####...#.......#.#
#...#.......o.##########
#...####...@............
#......#o.##############
#...##.#..# #....#.#..#
#.........#####
####....##.......#
#.....#....#####.#
#.##############.#
#................#


You could see Blork the orc (strong) and an orc wizard.

Vanquished Creatures
  Jessica (D:2)
  An iguana (D:4)
  2 adders
  A gnoll (D:1)
  A worm (D:2)
  3 dart slugs
  An orc (D:3)
  A ball python (D:2)
  7 bats
  5 endoplasms
  4 giant cockroaches
  6 hobgoblins
  4 quokkas
  3 frilled lizards
  5 goblins
  3 kobolds
  6 rats
54 creatures vanquished.

Vanquished Creatures (others)
  30 fungi (D:4)
  5 plants (D:1)
35 creatures vanquished.

Grand Total: 89 creatures vanquished

Notes
Turn   | Place    | Note
-------+----------+-------------------------------------------
     0 | D:1      | HoaS the Gargoyle Hunter began the quest for the Orb.
     0 | D:1      | Reached XP level 1. HP: 12/12 MP: 1/1
   104 | D:1      | Reached XP level 2. HP: 17/17 MP: 2/2
   258 | D:1      | Reached XP level 3. HP: 21/21 MP: 3/3
   343 | D:1      | Found a faded altar of an unknown god.
   352 | D:1      | Reached skill level 5 in Ranged Weapons
   577 | D:2      | Noticed Jessica
   579 | D:2      | Killed Jessica
   580 | D:2      | Reached XP level 4. HP: 26/26 MP: 4/4
   696 | D:2      | Found a stormy altar of Qazlal.
  1295 | D:3      | Reached skill level 6 in Ranged Weapons
  1302 | D:3      | Identified the +3 scale mail of Dogmatism {rElec rF+++
                  | Int-2 Stlth-}
  1768 | D:4      | Reached XP level 5. HP: 16/30 MP: 5/5
  1937 | D:4      | Noticed a water moccasin
  1942 | D:4      | Noticed Blork the orc
  2130 | D:4      | Found a radiant altar of Vehumet.
  2170 | D:4      | Killed from afar by Blork the orc

Illustrated notes

Levels and vault maps discovered:
D:1:      kennysheep_arrival_seaside, layout_rooms,
          shapermc_ecumenical_altar_notcrosses, nicolae_grassy_gnolls
D:2:      wander_river, layout_loops_ring, basic_altar, uniq_jessica
D:3:      layout_basic
D:4:      layout_basic, bloody_makhleb, nemelex_diamond_rough_becter,
          mainiacjoe_overflow_catch_the_wave, ebering_dispersal_statue_hall,
          uniq_blork_the_orc

Skill      XL: |  1  2  3  4 |
---------------+-------------+-----
Ranged Weapons | 5 6 |  6.4
Fighting       | |  2.1
Dodging        | |  1.5
Stealth        | |  1.1

Action                   |  1- 3 |  4- 6 || total
-------------------------+-------+-------++-------
 Fire: Shortbow          |    61 |    76 ||   137
  Use: Scroll            |     5 |     8 ||    13
       Potion            |       |     2 ||     2
Armor: Leather armour    |     8 |    21 ||    29
Dodge: Dodged            |     7 |    20 ||    27
